 Dungeon Crawl Stone Soup version 0.31-a0-210-gccc998df9b (webtiles) character file.

Game seed: 8900505672898960946

63 Brandom the Trooper (level 4, 0/35 HPs)
             Began as a Human Cinder Acolyte on June 30, 2023.
             Was a High Priest of Ignis.
             Slain by a gnoll
             ... wielding a +0 flail
              (9 damage)
             ... on level 1 of the Dungeon.
             The game lasted 00:03:47 (1533 turns).

Brandom the Trooper (Human Cinder Acolyte)          Turns: 1533, Time: 00:03:49

Health: 0/35       AC:  6    Str: 16    XL:     4   Next: 30%
Magic:  6/6        EV:  9    Int: 14    God:    Ignis [*****.]
Gold:   109        SH:  0    Dex:  9    Spells: 5/5 levels left

rFire   + . .        a - -1 falchion (flame)
rCold   . . .        (no shield)
rNeg    . . .        h - +0 scale mail
rPois   .            (no helmet)
rElec   .            (no cloak)
rCorr   .            (no gloves)
SInv    .            (no boots)
Will    .....        (no amulet) Stlth
                     (no ring)
HPRegen 0.25/turn    (no ring)
MPRegen 0.10/turn

%: no passive effects
@: no status effects
A: no striking features
a: Renounce Religion, Fiery Armour, Foxfire Swarm, Rising Flame


You were on level 1 of the Dungeon.
You worshipped Ignis.
Ignis was extremely pleased with you.
You visited 1 branch of the dungeon, and saw 2 of its levels.

You collected 109 gold pieces.

Inventory:

Hand Weapons
 a - a -1 falchion of flaming (weapon)
Armour
 b - a +0 robe
 h - a +0 scale mail (worn)
   (You found it on level 1 of the Dungeon)
 j - a +0 robe
   (You took it off Jessica on level 2 of the Dungeon)
Scrolls
 c - a scroll of teleportation {unknown}
 d - 2 scrolls of identify {unknown}
 i - a scroll of amnesia {unknown}
Potions
 e - 2 potions of curing {unknown}
 f - a potion of lignification {unknown}


   Skills:
 + Level 3.4 Fighting
 + Level 3.3 Long Blades
 + Level 1.0 Armour
 + Level 1.4 Dodging
 - Level 1.4 Spellcasting
 - Level 3.2 Fire Magic


You had 5 spell levels left.
You didn't know any spells.
Your spell library contained the following spells:

 Spells                   Type           Power      Damage    Failure   Level
 Scorch                   Fire           20%        2d6       36%         2


Dungeon Overview and Level Annotations

Branches:
Dungeon (2/15)

Altars:

Annotations:
D:2 Sigmund


Message History

There is a stone staircase leading down here.
Press: ? - help, v - describe, . - travel A stone staircase leading down.
(D) Dungeon
Where to? (Enter - D:1 @ (x,y), ? - help)
You climb downwards.
Level annotation: Sigmund
There is a stone staircase leading up, spattered with blood here.
Sigmund is nearby!
Sigmund says, "Don't worry, I'll kill you fast."
Sigmund hits you from afar with a +0 scythe.
You climb upwards.
There is a stone staircase leading down here.
You enter the shallow water.
Moving in this stuff is going to be slow.
There is a stone staircase leading down here.
You climb downwards.
Level annotation: Sigmund
There is a stone staircase leading up here.
You see here a +0 club.
d - 2 scrolls labelled PAURIR BETI (gained 1)
You now have 109 gold pieces (gained 13).
You open the door.
There is an open door here.
A gnoll comes into view. It is wielding a +0 flail.
The gnoll shouts!
The gnoll throws a javelin.
The javelin pierces through you.
The gnoll throws a javelin.
The javelin pierces through you.
There is a stone staircase leading up here.
The gnoll throws a javelin.
The javelin barely misses you.
The gnoll throws a javelin.
The javelin pierces through you!
The gnoll throws a javelin.
The javelin pierces through you. The gnoll hits you with a +0 flail.
* * * LOW HITPOINT WARNING * * *
You climb upwards.
There is a stone staircase leading down, spattered with blood here.
You are too injured to fight recklessly!
You are too injured to fight recklessly!
You are too injured to fight recklessly!
You are too injured to fight recklessly!
You are too injured to fight recklessly!
You are too injured to fight recklessly!
You hit the gnoll but do no damage. The gnoll barely misses you.
You hit the gnoll. You burn the gnoll. The gnoll hits you with a +0 flail!
* * * LOW HITPOINT WARNING * * *
The gnoll closely misses you. The gnoll closely misses you.
You hit the gnoll but do no damage. The gnoll closely misses you.
You hit the gnoll. You burn the gnoll. The gnoll hits you with a +0 flail!
You die...

# ##PP~#.### #># #.###
####P...P...# #.# #.#
..~~P~P~P.#.# ##.## ##.##
#PP~PP♣P~~P.# ###.#.##
##...## #P~P♣♣♣♣~~..#
#..###.## #...... #P~P♣
♣♣~P## #.## ##.# #....##
.~~♣♣♣♣♣~PP#####..###.##
#.#.##
##~~~~PP~~P........#.##
#.#.#
..~~~~~PP~......@....#
#.#.#
###~P~.#..#####.g..#.#
####.#.### ...P......#
#.#>##.###.##.#....
###########
#.#.##^##.#.#.#####
####.#.##.#.###.....#
#..........## ##.##.#
##################..##†#
#≈≈≈≈≈≈≈≈≈≈≈≈≈#.#.#.##.#
#≈≈≈≈≈≈≈≈≈≈≈≈≈##....##.##


You could see a gnoll.

Vanquished Creatures
  Jessica (D:2)
  A worm (D:2)
  2 dart slugs
  2 endoplasms (D:1)
  A giant cockroach (D:1)
  5 goblins
  3 hobgoblins (D:1)
  3 quokkas
  4 bats
  2 frilled lizards (D:1)
  3 kobolds
27 creatures vanquished.

Notes
Turn   | Place    | Note
-------+----------+-------------------------------------------
     0 | D:1      | Brandom the Human Cinder Acolyte began the quest for the
                  | Orb.
     0 | D:1      | Reached XP level 1. HP: 18/18 MP: 2/2
   144 | D:1      | Reached XP level 2. HP: 16/24 MP: 3/3
   849 | D:1      | Reached skill level 1 in Dodging
   849 | D:1      | Reached XP level 3. HP: 29/29 MP: 5/5
   973 | D:2      | Found a faded altar of an unknown god.
  1173 | D:2      | Noticed Jessica
  1185 | D:2      | Killed Jessica
  1186 | D:2      | Reached XP level 4. HP: 22/35 MP: 6/6
  1260 | D:2      | Noticed Sigmund
  1388 | D:2      | Reached skill level 1 in Armour
  1533 | D:1      | Slain by a gnoll

Illustrated notes

Levels and vault maps discovered:
D:1:      zaba_arrival_water, layout_loops_ring, serial_bayou_pond_c
D:2:      minmay_alternating_diamond, layout_basic,
          shapermc_ecumenical_altar_starsandcircs, uniq_sigmund, uniq_jessica,
          uniq_crazy_yiuf_cottage

Skill      XL: |  1  2  3  4 |
---------------+-------------+-----
Dodging        | 1 |  1.4
Armour         | 1 |  1.0
Fighting       | |  3.4
Long Blades    | |  3.3
Spellcasting   | |  1.4
Fire Magic     | |  3.2

Action                     |  1- 3 |  4- 6 || total
---------------------------+-------+-------++-------
  Melee: Falchion          |   106 |    50 ||   156
         Punch             |     1 |       ||     1
  Throw: Javelin           |       |     6 ||     6
   Stab: Sleeping          |     1 |       ||     1
 Armour: Robe              |    23 |       ||    23
         Scale mail        |    15 |    39 ||    54
  Dodge: Dodged            |    71 |    41 ||   112

Table legend: (Time is in decaauts)
 A = Elapsed time spent in this place.
 B = Non-inter-level travel time spent in this place.
 C = Inter-level travel time spent in this place.
 D = Time resting spent in this place.
 E = Time spent auto-exploring this place.
 F = Levels seen in this place.
 G = Mean time per level.
                   A        B        C        D        E       F      G
               +--------+--------+--------+--------+--------+-----+--------+
         Total |   1571 |   1504 |     67 |      0 |   1088 |   2 |  785.5 |
       Dungeon |   1571 |   1504 |     67 |      0 |   1088 |   2 |  785.5 |
               +--------+--------+--------+--------+--------+-----+--------+

Top non-repeatable levels by time:
     D:1: 1018 daAuts
     D:2: 553 daAuts
